 Dungeon Crawl Stone Soup version 0.26-a0-1053-gaff5f71418 (webtiles) character file.

Game seed: 2868795603280392631

37 polelong the Conjurer (level 3, -6/24 HPs)
             Began as a Human Conjurer on Dec 13, 2020.
             Mangled by a bullfrog (7 damage)
             ... on level 2 of the Dungeon.
             The game lasted 00:05:17 (1437 turns).

polelong the Conjurer (Human Conjurer)              Turns: 1437, Time: 00:05:18

Health: -6/24      AC:  2    Str:  7    XL:     3   Next: 60%
Magic:  1/6        EV: 12    Int: 19    God:
Gold:   60         SH:  0    Dex: 11    Spells: 3/6 levels left

rFire    . . .     SeeInvis .   (no weapon)
rCold    . . .     Faith    .   (no shield)
rNeg     . . .     Spirit   .   a - +0 robe
rPois    .         Reflect  .   (no helmet)
rElec    .         Harm     .   (no cloak)
rCorr    .         Rampage  .   (no gloves)
Will     .....                  (no boots)
Stlth    ++........             (no amulet)
HPRegen  0.08/turn              (no ring)
MPRegen  0.10/turn              (no ring)

@: no status effects
A: no striking features
a: no special abilities


You were on level 2 of the Dungeon.
You visited 1 branch of the dungeon, and saw 2 of its levels.

You collected 60 gold pieces.

Inventory:

Armour
 a - a +0 robe (worn)
Scrolls
 b - a scroll of remove curse {unknown}
 d - a scroll of identify {unknown}
Potions
 c - a potion of degeneration {unknown}


   Skills:
 + Level 0.2 Fighting
 + Level 2.2 Dodging
 * Level 2.7 Stealth
 + Level 2.1 Spellcasting
 + Level 4.5 Conjurations


You had 3 spell levels left.
You knew the following spells:

 Your Spells              Type           Power        Failure   Level
a - Magic Dart            Conj           ###.         2%          1
b - Searing Ray           Conj           ###...       3%          2

Your spell library contained the following spells:

 Spells                   Type           Power        Failure   Level
 Dazzling Flash           Conj/Hex       ##....       21%         3
 Fulminant Prism          Conj/Hex       ##........   54%         4
 Iskenderun's Mystic Bla  Conj/Tloc      ##......     54%         4


Dungeon Overview and Level Annotations

Branches:
Dungeon (2/15)

Altars:
Cheibriados


Message History

Press: ? - help, Shift-Dir - straight line, f/p - bullfrog
Aim: a bullfrog (moderately wounded, 0% to evade)
The magic dart hits the bullfrog.
The bullfrog is heavily wounded.
The bullfrog hits you!
Casting: Magic Dart (safe; 2% risk of failure)
Confirm with . or Enter, or press ? or * to list all spells.
Aiming: Magic Dart (safe; 2% risk of failure)
Press: ? - help, Shift-Dir - straight line, f/p - bullfrog
Aim: a bullfrog (heavily wounded, 0% to evade)
The magic dart hits the bullfrog.
The bullfrog is heavily wounded.
A nearby plant withers and dies.
The bullfrog hits you. The bullfrog hits you!
* * * LOW HITPOINT WARNING * * *
You miss the bullfrog.
The bullfrog is heavily wounded.
The bullfrog hits you.
* * * LOW HITPOINT WARNING * * *
The bullfrog hits you!
You die... ♣♣P♣♣ #♣..♣.♣ ♣.♣... ♣PP.P

P.P. ♣..♣ ♣♣..♣ ♣PF.♣#.
#♣@♣##.# #..##.#
#.####.##.# #.......#.#
######..#.# ###
.#########....##########..
.......................#.#
.#########.#..######.#†..#
#....# #.#.###


You could see a bullfrog.

Vanquished Creatures
  A leopard gecko (D:1)
  2 giant cockroaches (D:1)
  4 goblins (D:1)
  2 hobgoblins
  A quokka (D:2)
  2 ball pythons (D:1)
  5 bats (D:1)
  3 frilled lizards (D:1)
  9 kobolds
  9 rats (D:1)
38 creatures vanquished.

Vanquished Creatures (others)
  5 plants (D:2)
  11 toadstools (D:2)
16 creatures vanquished.

Grand Total: 54 creatures vanquished

Notes
Turn   | Place    | Note
-------+----------+-------------------------------------------
     0 | D:1      | polelong the Human Conjurer began the quest for the Orb.
     0 | D:1      | Reached XP level 1. HP: 13/13 MP: 3/3
   143 | D:1      | Reached XP level 2. HP: 5/19 MP: 0/5
   632 | D:1      | Reached XP level 3. HP: 24/24 MP: 3/6
  1138 | D:2      | Learned a level 2 spell: Searing Ray
  1285 | D:2      | Found a snail-covered altar of Cheibriados.
  1425 | D:2      | Noticed a bullfrog
  1436 | D:2      | HP: 1/24 [bullfrog (3)]
  1437 | D:2      | Mangled by a bullfrog

Illustrated notes

Levels and vault maps discovered:
D:1:      dpeg_arrival_ratfight, layout_rooms
D:2:      cheibrodos_fertilizer, layout_basic, lemuel_coloured_pillars_altar,
          nicolae_overflow_hidden_temple, serial_forest,
          infiniplex_forest_side_room, infiniplex_forest_diagonal,
          infiniplex_forest_end_3, infiniplex_forest_clump_diagonal,
          infiniplex_forest_clump_curved, makhleb_heckhound_becter

Action                   || total
-------------------------++-------
Melee: Unarmed           ||    27
 Cast: Magic Dart        ||    55
       Searing Ray       ||     1
Armor: Robe              ||     9
Dodge: Dodged            ||    33

Table legend: (Time is in decaauts)
 A = Elapsed time spent in this place.
 B = Non-inter-level travel time spent in this place.
 C = Inter-level travel time spent in this place.
 D = Time resting spent in this place.
 E = Time spent auto-exploring this place.
 F = Levels seen in this place.
 G = Mean time per level.
                   A        B        C        D        E       F      G
               +--------+--------+--------+--------+--------+-----+--------+
         Total |   1437 |   1394 |     43 |      7 |   1236 |   2 |  718.5 |
       Dungeon |   1437 |   1394 |     43 |      7 |   1236 |   2 |  718.5 |
               +--------+--------+--------+--------+--------+-----+--------+

Top non-repeatable levels by time:
     D:1: 1104 daAuts
     D:2: 333 daAuts
